 Dungeon Crawl Stone Soup version 0.21-a0-450-gd87a9b2 (webtiles) character file.

471 slep the Slasher (level 6, 0/56 HPs)
             Began as a Minotaur Monk on Nov 19, 2017.
             Slain by an orc
             ... wielding a +2 whip of holy wrath
              (1 damage)
             ... on level 5 of the Dungeon.
             The game lasted 00:13:16 (3203 turns).

slep the Slasher (Minotaur Monk)                    Turns: 3203, Time: 00:13:17

Health: 0/56       AC:  3    Str: 17    XL:     6   Next: 83%
Magic:  5/5        EV: 14    Int: 12    God:
Gold:   284        SH:  0    Dex: 13    Spells: 5/5 levels left

rFire    . . .     SeeInvis .   a - +0 falchion
rCold    . . .     Gourm    .   (no shield)
rNeg     . . .     Faith    .   e - +0 leather armour (curse)
rPois    .         Spirit   .   (helmet restricted)
rElec    .         Reflect  .   (no cloak)
rCorr    .         Harm     .   (no gloves)
MR       .....                  (no boots)
Stlth    ++........             (no amulet)
HPRegen  0.18/turn              m - ring of fire
MPRegen  0.09/turn              f - ring of ice

@: brilliant, fainting
A: retaliatory headbutt, horns 2
a: no special abilities


You were on level 5 of the Dungeon.
You were fainting.

You visited 1 branch of the dungeon, and saw 5 of its levels.

You collected 284 gold pieces.

Inventory:

Hand Weapons
 a - a +0 falchion (weapon)
 r - a +0 short sword of freezing
 x - a +1 flail of pain
Armour
 b - a +0 robe
 e - a cursed +0 leather armour (worn)
Jewellery
 f - a ring of ice (right hand)
 m - a ring of fire (left hand)
Wands
 z - a wand of iceblast (11/15)
Scrolls
 g - 5 scrolls of identify {unknown}
 i - a scroll of teleportation {unknown}
 o - a scroll of blinking {unknown}
 p - 2 scrolls of magic mapping {unknown}
 s - a scroll of remove curse {unknown}
 t - a scroll of enchant armour {unknown}
 u - 2 scrolls of fear {unknown}
 v - 2 scrolls of recharging {unknown}
 w - a scroll of amnesia {unknown}
 y - a scroll of enchant weapon {unknown}
Potions
 h - a potion of degeneration {unknown}
 j - a potion of ambrosia {unknown}
 l - 2 potions of brilliance
 q - a potion of flight {unknown}
Comestibles
 c - 5 bread rations
 d - 3 meat rations
 n - a royal jelly
 A - 3 fruits


   Skills:
 + Level 5.0 Fighting
 + Level 6.5 Long Blades
 + Level 3.1 Armour
 + Level 4.5 Dodging
 + Level 2.6 Stealth


You had 5 spell levels left.
You didn't know any spells.

Dungeon Overview and Level Annotations

Branches:
Dungeon (5/15)
 Temple: D:4-7

Altars:
Elyvilon
Ru
Wu Jian
The Shining One

Annotations:
D:3 1 runed door


Innate Abilities, Weirdness & Mutations

You reflexively headbutt those who attack you in melee.
You have a pair of horns on your head.


Message History

You headbutt the orc.
The orc is heavily wounded.
You hit the orc.
You kill the orc!
The orc hits you but does no damage.
You barely miss the orc.
The orc is heavily wounded.
The orc hits you with a whip of holy wrath!
* * * LOW HITPOINT WARNING * * *
You hit the orc.
The orc is severely wounded.
The orc closely misses you.
You closely miss the orc. Your headbutt misses the orc.
The orc is severely wounded.
The orc hits you with a whip of holy wrath.
* * * LOW HITPOINT WARNING * * *
You hit the orc but do no damage.
The orc is severely wounded.
The orc hits you with a whip of holy wrath.
You die...

#.....................
#
#..............######.
# #..............# #
#...!.....######. #
+.........# .. #
#.........# .# +
#.........# ..## #
##+##....o#....# #
+....@)....# #
#....)#..### #
#.....#..# #.....# ..
#.....# .. .......# ..
........+ . ........#


You could see an orc.

Vanquished Creatures
  A howler monkey (D:4)
  A crimson imp (D:5)
  An orc priest (D:5)
  3 orc wizards
  Terence (D:2)
  2 worker ants
  A hound skeleton (D:5)
  Robin (D:2)
  9 adders
  2 shadow imps (D:5)
  An adder skeleton (D:4)
  3 worms
  A dart slug (D:2)
  A leopard gecko (D:4)
  7 orcs
  2 ball pythons
  A giant cockroach (D:3)
  12 goblins
  6 hobgoblins
  6 jackals
  8 kobolds
  3 quokkas
  5 bats
  2 frilled lizards (D:2)
  A goblin skeleton (D:5)
  A goblin zombie (D:5)
  2 hobgoblin zombies (D:5)
  A kobold skeleton (D:5)
  2 kobold zombies (D:5)
  4 rats
91 creatures vanquished.

Notes
Turn   | Place    | Note
-------+----------+-------------------------------------------
     0 | D:1      | slep the Minotaur Monk began the quest for the Orb.
     0 | D:1      | Reached XP level 1. HP: 19/19 MP: 0/0
   169 | D:1      | Reached skill level 4 in Long Blades
   174 | D:1      | Reached XP level 2. HP: 22/27 MP: 1/1
   560 | D:1      | Found a glowing golden altar of the Shining One.
   901 | D:2      | Reached XP level 3. HP: 27/33 MP: 2/2
  1005 | D:2      | Noticed Terence
  1012 | D:2      | Killed Terence
  1012 | D:2      | Reached skill level 1 in Armour
  1106 | D:2      | Reached XP level 4. HP: 22/40 MP: 3/3
  1166 | D:2      | Noticed Robin
  1176 | D:2      | Killed Robin
  1213 | D:2      | Found an ornate altar of the Wu Jian Council.
  1231 | D:2      | You fall through a shaft for 2 floors!
  1377 | D:4      | Found a white marble altar of Elyvilon.
  1492 | D:4      | Reached skill level 5 in Long Blades
  1492 | D:4      | Reached XP level 5. HP: 28/47 MP: 4/4
  1895 | D:3      | Reached XP level 6. HP: 27/53 MP: 5/5
  2253 | D:3      | Found a sacrificial altar of Ru.
  2329 | D:3      | Reached skill level 6 in Long Blades
  2473 | D:3      | Found a runed door.
  2918 | D:5      | Entered Level 5 of the Dungeon
  2977 | D:5      | Noticed a sky beast
  3043 | D:5      | Found a glowing golden altar of the Shining One.
  3145 | D:5      | Reached skill level 5 in Fighting
  3189 | D:5      | HP: 2/56 [orc priest/divine providence (14)]
  3202 | D:5      | HP: 1/56 [orc/whip of holy wrath (3)]
  3203 | D:5      | Slain by an orc

Vault maps used:
D:1:      sevenhm_arrival_forest_fort_small_4, minivault_5,
          kennysheep_flooded_box
D:2:      lemuel_crystal_altar, uniq_robin, uniq_terence
D:3:      minivault_11, nicolae_ru_awakened_eye, uniq_crazy_yiuf_cottage
D:4:      elyvilon_altar_4, first_bread, minmay_misc_feat_room,
          roderic_serpentine_path
D:5:      nicolae_tso_besieged_by_evil

Skill      XL: |  1  2  3  4  5  6 |
---------------+-------------------+-----
Long Blades    | 4 5 6 |  6.5
Fighting       | 4 5 |  5.0
Armour         | 1 2 3 |  3.1
Dodging        | 4 |  4.5
Stealth        | 2 |  2.6

Action                   |  1- 3 |  4- 6 || total
-------------------------+-------+-------++-------
Melee: Falchion          |    56 |   186 ||   242
       Headbutt          |    11 |    27 ||    38
  Use: Potion            |       |     3 ||     3
 Stab: Sleeping          |     1 |     4 ||     5
  Eat: Chunk             |     1 |     4 ||     5
Armor: Leather armour    |    13 |    32 ||    45
       Robe              |     1 |       ||     1
Dodge: Dodged            |    47 |   130 ||   177
       Rpst.: Falchion   |    10 |    49 ||    59

Table legend:
 A = Spawn XP
 B = Non-spawn XP
 C = Spawn XP percentage of total XP
 D = Spawn monster count
 E = Non-spawn monster count
 F = Spawn count percentage of total count
 G = Total turns spent on level
                    A         B        C        D         E        F      G
               +---------+---------+-------+---------+---------+-------+---------
         Total |       0 |     674 |   0.0 |       0 |      91 |   0.0 |  3203
               +---------+---------+-------+---------+---------+-------+---------
           D:1 |       0 |      25 |   0.0 |       0 |      15 |   0.0 |   719
           D:2 |       0 |     123 |   0.0 |       0 |      28 |   0.0 |   593
           D:3 |       0 |     105 |   0.0 |       0 |      17 |   0.0 |   942
           D:4 |       0 |     206 |   0.0 |       0 |      15 |   0.0 |   664
           D:5 |       0 |     215 |   0.0 |       0 |      16 |   0.0 |   285
               +---------+---------+-------+---------+---------+-------+---------
